 Dungeon Crawl Stone Soup version bcrawl-1.38.1 (webtiles) character file.

Game seed: 13871157004374400308

92424 Alturiack the Charmwright (level 3, -1/28 HPs)
             Began as a Barachi Skald on Apr 9, 2023.
             Slain by a worm (9 damage)
             ... on level 2 of the Dungeon.
             The game lasted 00:04:25 (1296 turns).

Alturiack the Charmwright (Barachi Skald)           Turns: 1296, Time: 00:04:25

Health: -1/28      AC:  3    Str: 13    XL:     3   Next: 12%
Magic:  6/6        EV: 12    Int: 13    God:
Gold:   34         SH:  0    Dex: 11    Spells: 6/7 levels left

rFire    . . .     GDR:     25% a - +0 long sword
rCold    . . .     SeeInvis .   (no shield)
rNeg     . . .     Gourm    .   b - +0 leather armour
rPois    .         Faith    .   (no helmet)
rElec    .         Spirit   .   (no cloak)
rCorr    .         Reflect  .   (no gloves)
MR       .....                  (no boots)
Stlth    +.........             d - amulet of magic regeneration
HPRegen  0.14/turn              (no ring)
MPRegen  0.18/turn              (no ring)

@: slow
A: +LOS, swims, slowness 1, strong legs 1
a: Hop


You were on level 2 of the Dungeon.
You were hungry.

You visited 1 branch of the dungeon, and saw 2 of its levels.

You collected 34 gold pieces.

Inventory:

Hand Weapons
 a - a +0 long sword (weapon)
Armour
 b - a +0 leather armour (worn)
Jewellery
 d - an amulet of magic regeneration (around neck)
Scrolls
 c - 3 scrolls of enchant weapon {unknown}
 f - a scroll of fear
 i - a scroll of remove curse {unknown}
 j - a scroll of enchant armour {unknown}
 l - a scroll of noise {unknown}
Potions
 g - a potion of curing {unknown}
 h - a potion of flight {unknown}
 k - 2 potions of cancellation {unknown}
Comestibles
 e - 4 rations {!d}


   Skills:
 + Level 2.6 Fighting
 * Level 2.9 Long Blades
 * Level 2.0 Armour
 - Level 2.1 Dodging
 * Level 2.5 Spellcasting
 * Level 3.6 Charms


You had 6 spell levels left.
You knew the following spells:

 Your Spells              Type           Power        Failure   Level  Hunger
a - Infusion              Chrm           ##......     7%          1    None

Your spell library contained the following spells:

 Spells                   Type           Power        Failure   Level  Hunger
 Song of Slaying          Chrm           ##......     11%         2    ##.....
 Swiftness                Chrm/Air       #.......     22%         2    ##.....
 Ozocubu's Armour         Chrm/Ice       #.......     41%         3    ####...
 Regeneration             Chrm/Necr      #.........   41%         3    ####...
 Spectral Weapon          Hex/Chrm       #.......     41%         3    ####...


Dungeon Overview and Level Annotations

Branches:
Dungeon (2/12)

Altars:


Innate Abilities, Weirdness & Mutations

You can see and be seen from farther away.
You can swim through water.
You cover ground slowly.
You can hop short distances.


Message History

A worm comes into view.
A jackal comes into view.
A jackal comes into view.
The jackal barks! x2
The jackal barely misses you. The worm bites you!
You slash the worm!
The worm is heavily wounded.
The jackal bites you but does no damage.
The jackal misses you.
You hit the worm but do no damage.
The worm is heavily wounded.
The jackal bites you. The jackal closely misses you.
The jackal bites you but does no damage.
The worm bites you!
You hit the worm but do no damage.
The worm is moderately wounded.
The jackal bites you.
* * * LOW HITPOINT WARNING * * *
The jackal closely misses you. x2; The worm bites you!
You die...

#.#.# #.####.#
#.#.# #......#
#.#.# ########
#.#.# ..#.#
########.#
.........###
..##.....h.#
#....@h.#
#......w..%.....
##..............
###............
.....#........
...... ########
....... ..#.....
.##.....


You could see a worm and 2 jackals.

Vanquished Creatures
  A worm (D:2)
  2 dart slugs (D:1)
  3 goblins (D:1)
  4 hobgoblins (D:1)
  A quokka (D:1)
  2 frilled lizards (D:1)
  4 kobolds (D:1)
  5 rats
22 creatures vanquished.

Notes
Turn   | Place    | Note
-------+----------+-------------------------------------------
     0 | D:1      | Alturiack the Barachi Skald began the quest for the Orb.
     0 | D:1      | Reached XP level 1. HP: 17/17 MP: 3/3
   331 | D:1      | Reached XP level 2. HP: 23/23 MP: 5/5
  1030 | D:1      | Reached XP level 3. HP: 28/28 MP: 6/6
  1296 | D:2      | Slain by a worm

Skill      XL: |  1  2  3 |
---------------+----------+-----
Armour         | 2 |  2.0
Fighting       | |  2.6
Long Blades    | |  2.9
Dodging        | |  2.1
Spellcasting   | |  2.5
Charms         | |  3.6

Action                   || total
-------------------------++-------
Melee: Long sword        ||    61
  Eat: Chunk             ||     2
Armor: Leather armour    ||    16
Dodge: Dodged            ||    47
